 Dungeon Crawl Stone Soup version 0.25-a0-85-g7617fd2bc2 (webtiles) character file.

Game seed: 6613312612055176118, levelgen mode: deterministic

4435 MrRokkomies the Covert (level 10, -2/74 HPs)
             Began as a Vampire Enchanter on Nov 8, 2019.
             Was a Believer of Dithmenos.
             Slain by a tengu warrior
             ... wielding a +2 great sword
              (10 damage)
             ... on level 9 of the Dungeon.
             The game lasted 00:23:01 (8858 turns).

MrRokkomies the Covert (Vampire Enchanter)          Turns: 8858, Time: 00:23:06

Health: -2/74      AC:  5    Str:  7    XL:     10   Next: 14%
Magic:  4/13       EV:  7    Int: 26    God:    Dithmenos [**....]
Gold:   348        SH:  0    Dex: 18    Spells: 4/13 levels left

rFire    + + .     SeeInvis +   a - +1 short sword "Xaschul" {venom, rF+ Dex+4}
rCold    . . .     Gourm    .   (no shield)
rNeg     . . .     Faith    .   y - +1 leather armour {rF+}
rPois    .         Spirit   .   m - +0 helmet
rElec    .         Reflect  .   B - scarf {cloud immunity}
rCorr    .         Harm     .   (no gloves)
MR       +....                  (no boots)
Stlth    ++++++....             (no amulet)
HPRegen  0.42/turn              u - +4 ring of intelligence
MPRegen  0.13/turn              (no ring)

@: lethally poisoned (-2 -> -4), about to teleport, very slightly contaminated,
held, regenerating quickly, slowed, wreathed by umbra, very slow
A: no food, fangs 3, see invisible, unbreathing
a: Exsanguinate, Shadow Step, Renounce Religion


You were on level 9 of the Dungeon.
You worshipped Dithmenos.
Dithmenos was pleased with you.
You were alive.

You visited 2 branches of the dungeon, and saw 10 of its levels.

You collected 348 gold pieces.

Inventory:

Hand Weapons
 a - the +1 short sword "Xaschul" (weapon) {venom, rF+ Dex+4}
   (You found it on level 7 of the Dungeon)

   It poisons the flesh of those it strikes.
   It affects your dexterity (+4).
   It protects you from fire.
 b - a +1 hunting sling
Missiles
 d - 268 stones (quivered)
 e - 60 sling bullets
 D - a throwing net
Armour
 m - a +0 helmet (worn)
 n - a +0 cloak
 y - a +1 leather armour of fire resistance (worn)
 B - a scarf of cloud immunity (worn)
Jewellery
 u - a +4 ring of intelligence (left hand)
Wands
 i - a wand of iceblast (14)
 s - a wand of scattershot (8)
 x - a wand of acid (13)
 A - a wand of flame (10)
 C - a wand of digging (5)
Scrolls
 c - 2 scrolls of magic mapping
 f - 3 scrolls of enchant armour
 g - a scroll of remove curse
 o - 5 scrolls of identify
 q - a scroll of immolation
 v - 2 scrolls of enchant weapon
Potions
 h - 5 potions of degeneration {unknown}
 k - a potion of resistance
 p - 2 potions of curing
 r - a potion of cancellation
 t - a potion of haste
 w - a potion of invisibility {unknown}
 z - a potion of berserk rage


   Skills:
 * Level 5.3 Fighting
 - Level 10.0 Short Blades
 * Level 3.2 Dodging
 + Level 11.1 Stealth
 - Level 2.0 Spellcasting
 - Level 11.0 Hexes


You had 4 spell levels left.
You knew the following spells:

 Your Spells              Type           Power        Failure   Level  Hunger
a - Corona                Hex            ######.      1%          1    N/A
b - Ensorcelled Hibernat  Hex/Ice        ####..       2%          2    N/A
c - Confuse               Hex            ######..     1%          3    N/A
d - Tukima's Dance        Hex            ######..     1%          3    N/A

Your spell library contained the following spells:

 Spells                   Type           Power        Failure   Level  Hunger
 Dazzling Spray           Conj/Hex       ####..       4%          3    N/A

Dungeon Overview and Level Annotations

Branches:
Dungeon (9/15)             Temple (1/1) D:7            Lair (0/6) D:9
    Orc: D:9-12

Altars:
Ashenzari
Cheibriados
Dithmenos
Elyvilon
Fedhas
Gozag
Hepliaklqana
Kikubaaqudgha
Makhleb
Nemelex Xobeh
Okawaru
Qazlal
Ru
Sif Muna
Trog
Uskayaw
Vehumet
Wu Jian
Xom
Yredelemnul
Zin
The Shining One

Shops:
D:7 =   D:8 }

Annotations:
D:8 1 runed translucent door, lis82's ghost, novice DgFE


Innate Abilities, Weirdness & Mutations

You do not eat.
Your natural rate of healing is unusually fast.
You have razor-sharp teeth.
You have supernaturally acute eyesight. (SInv)
You can survive without breathing.


Message History

You feel as though you will be slow longer.
Blink to where?
Press: ? - help, Dir - move target cursor, p - hornet You are very lightly contaminated with residual magic.
As you read the scroll of blinking, it crumbles to dust.
You feel sick. The jumping spider pounces on you!
* * * LOW HITPOINT WARNING * * *
You are caught in a web!
The jumping spider barely misses you.
Found a smoky yellow potion.
You feel better. The jumping spider closely misses you.
The jumping spider bites you.
* * * LOW HITPOINT WARNING * * *
The jumping spider leaps!
As you read the scroll of teleportation, it crumbles to dust.
You feel strangely unstable. The hornet stings you.
* * * LOW HITPOINT WARNING * * *
You are poisoned.
You feel as though you will be slow longer.
The tengu warrior hits you with a +2 great sword!
You die...

#.# #.# #.#
#.############ #
#............# .#
#...........!# $.#
#.#######....######...#
##.## #..# #........#
#..)## #@.# #O.......#
#.###.##
#yQ###aQ°.a...# #.#
##.# #..O.#'########
... ##.## #..#.a.# ###
#...###..#####
#........#
#......###s.#
##.#######..#
............#


You could see a tengu warrior, a two-headed ogre, a soldier ant, a hornet and a
jumping spider.

Vanquished Creatures
  Psyche (D:8)
  A hippogriff (D:8)
  2 yaks (D:9)
  Grum (D:8)
  3 porcupines (D:9)
  An ice beast (D:5)
  3 sky beasts
  An orc warrior (D:7)
  A black bear (D:6)
  3 ogres
  3 wolves (D:8)
  2 big kobolds (D:8)
  5 bullfrogs
  2 water moccasin zombies
  3 scorpions
  10 killer bees
  A howler monkey (D:5)
  A crimson imp (D:5)
  2 jellies (D:6)
  A bullfrog zombie (D:6)
  A centaur zombie (D:6)
  A centaur skeleton (D:5)
  7 orc wizards
  Crazy Yiuf (D:3)
  2 bullfrog skeletons
  A hound (D:9)
  Terence (D:3)
  Ijyb (D:4)
  6 worker ants
  A hound skeleton (D:6)
  Robin (D:3)
  2 howler monkey skeletons
  4 gnolls (D:8)
  8 adders
  2 oozes
  2 adder skeletons
  3 worms
  A dart slug (D:1)
  7 leopard geckos
  29 orcs
  2 ball pythons
  8 bats
  7 giant cockroaches
  14 goblins
  6 hobgoblins
  3 jackals (D:6)
  15 kobolds
  3 quokkas
  8 frilled lizards
  A leopard gecko skeleton (D:4)
  11 rats
206 creatures vanquished.

Vanquished Creatures (collateral kills)
  4 gnolls (D:8)
  An orc (D:8)
5 creatures vanquished.

Vanquished Creatures (others)
  An electric eel (D:7)
  22 fungi (D:9)
  13 plants (D:9)
36 creatures vanquished.

Grand Total: 247 creatures vanquished

Notes
Turn   | Place    | Note
-------+----------+-------------------------------------------
     0 | D:1      | MrRokkomies the Vampire Enchanter began the quest for the
                  | Orb.
     0 | D:1      | Reached XP level 1. HP: 13/13 MP: 3/3
    86 | D:1      | Reached XP level 2. HP: 16/19 MP: 5/5
   130 | D:1      | Learned a level 2 spell: Ensorcelled Hibernation
   246 | D:1      | Reached skill level 5 in Hexes
   508 | D:1      | Reached XP level 3. HP: 19/24 MP: 3/6
   937 | D:2      | Found a radiant altar of Vehumet.
   937 | D:2      | Found a sacrificial altar of Ru.
   938 | D:2      | Found a bloodstained altar of Trog.
   940 | D:2      | Reached skill level 5 in Stealth
   956 | D:2      | Found a basalt altar of Yredelemnul.
   974 | D:2      | Noticed a -3 hand axe
   975 | D:2      | Noticed a +0 dagger
   977 | D:2      | Found a hide-covered altar of Uskayaw.
  1401 | D:3      | Learned a level 3 spell: Confuse
  1442 | D:3      | Noticed Terence
  1452 | D:3      | Killed Terence
  1452 | D:3      | Reached XP level 4. HP: 30/30 MP: 4/7
  1666 | D:3      | Found a blossoming altar of Fedhas.
  1834 | D:3      | Noticed Robin
  1845 | D:3      | Killed Robin
  2040 | D:3      | Found a runed translucent door.
  2041 | D:3      | Noticed Crazy Yiuf
  2048 | D:3      | Killed Crazy Yiuf
  2048 | D:3      | Reached XP level 5. HP: 35/35 MP: 5/8
  2820 | D:4      | Reached XP level 6. HP: 34/41 MP: 9/9
  2908 | D:4      | Noticed Ijyb
  2955 | D:4      | Killed Ijyb
  3016 | D:4      | Found a glowing silver altar of Zin.
  3196 | D:5      | Entered Level 5 of the Dungeon
  3201 | D:5      | Noticed a sky beast
  3206 | D:5      | Killed a sky beast
  3359 | D:5      | Reached skill level 5 in Short Blades
  3361 | D:5      | Noticed an ice beast
  3438 | D:5      | Killed an ice beast
  3438 | D:5      | Reached XP level 7. HP: 26/46 MP: 4/10
  3508 | D:5      | Found a shattered altar of Ashenzari.
  3688 | D:5      | Learned a level 3 spell: Tukima's Dance
  3785 | D:5      | Found an iron altar of Okawaru.
  4608 | D:6      | Reached XP level 8. HP: 27/52 MP: 6/11
  4685 | D:6      | Found a sparkling altar of Nemelex Xobeh.
  4686 | D:6      | Found a hazy altar of Hepliaklqana.
  4690 | D:6      | Found an opulent altar of Gozag.
  5163 | D:6      | Reached skill level 10 in Hexes
  5365 | D:7      | Found a staircase to the Ecumenical Temple.
  5370 | Temple   | Entered the Ecumenical Temple
  5602 | Temple   | Became a worshipper of Dithmenos the Shadowed
  5822 | D:7      | Found Inetyur's Jewellery Shoppe.
  6264 | D:7      | Found a shimmering altar of Xom.
  6567 | D:7      | Got a shimmering short sword
  6568 | D:7      | Identified the cursed +1 short sword "Xaschul" {venom, rF+
                  | Dex+4} (You found it on level 7 of the Dungeon)
  7018 | D:8      | Reached * piety under Dithmenos
  7028 | D:8      | Reached skill level 1 in Fighting
  7130 | D:8      | Reached XP level 9. HP: 51/59 MP: 12/12
  7221 | D:8      | Found a blossoming altar of Fedhas.
  7225 | D:8      | Found a snail-covered altar of Cheibriados.
  7227 | D:8      | Noticed Grum
  7349 | D:8      | Noticed Psyche
  7352 | D:8      | Killed Psyche
  7724 | D:8      | Reached skill level 10 in Stealth
  7872 | D:8      | Found Qyrrifex's Gadget Boutique.
  8008 | D:8      | Killed Grum
  8097 | D:8      | Found a runed translucent door.
  8097 | D:8      | Noticed lis82's ghost (novice DgFE)
  8377 | D:9      | HP: 3/66 [yak (13)]
  8482 | D:9      | Found a staircase to the Lair.
  8591 | D:9      | Reached skill level 10 in Short Blades
  8591 | D:9      | Reached XP level 10. HP: 45/73 MP: 7/13
  8601 | D:9      | Reached skill level 5 in Fighting
  8604 | D:9      | Reached ** piety under Dithmenos
  8847 | D:9      | Noticed a two-headed ogre
  8847 | D:9      | Noticed a tengu warrior
  8858 | D:9      | Slain by a tengu warrior

Levels and vault maps discovered:
D:1:      roderic_crop_circles_arrival_small, layout_rooms
D:2:      layout_basic, nicolae_overflow_quartered_altars,
          dancing_weapons_uskayaw, chequers_mini_garden
D:3:      layout_basic, first_ration, grunt_ministairs_3, lemuel_altar_in_water,
          uniq_crazy_yiuf_cottage, uniq_terence, uniq_robin
D:4:      layout_cave_pods, zin_statuary, uniq_ijyb
D:5:      layout_basic, ashenzari_conservatory_becter, okawaru_trees_2
D:6:      layout_loops_ring, minitemple, minmay_pentangle
D:7:      layout_loops_ring, nicolae_overflow_hidden_temple,
          minmay_temple_entry_drinking_statues, serial_shops, shop,
          kennysheep_generic_room_2
D:8:      layout_cave_pods, grunt_temple_overflow_open, gammafunk_ghost_grave,
          serial_shops, shop, blue_anna_alchemist [blue_anna_fruit_fields,
          blue_anna_fruit_fields], minmay_misc_feat_square, uniq_psyche,
          uniq_grum
D:9:      minmay_shrinking_squares, layout_loops_ring,
          due_lair_maze_entry_diamond
Temple:   compressed_dpeg_triangle_lava_temple

Skill      XL: |  1  2  3  4  5  6  7  8  9 10 |
---------------+-------------------------------+-----
Hexes          | 5 6 7 8 9 11 | 11.0
Short Blades   | 2 3 4 5 6 8 10 | 10.0
Stealth        | 5 6 7 9 10 11 | 11.1
Fighting       | 1 4 5 |  5.3
Dodging        | 3 |  3.2
Spellcasting   | |  2.0

Action                   |  1- 3 |  4- 6 |  7- 9 | 10-12 || total
-------------------------+-------+-------+-------+-------++-------
Melee: Dagger            |   197 |   227 |   232 |       ||   656
       Bite              |    11 |    19 |    49 |     1 ||    80
       Short sword       |       |       |   256 |    26 ||   282
 Fire: Hunting sling     |     4 |       |       |       ||     4
Throw: Stone             |       |       |     3 |       ||     3
 Cast: Corona            |     3 |       |       |       ||     3
       Ensorcelled Hiber |    11 |    24 |    36 |    11 ||    82
       Confuse           |       |     4 |    12 |       ||    16
       Tukima's Dance    |       |       |     6 |       ||     6
Evoke: Wand              |     1 |       |       |       ||     1
  Use: Scroll            |     7 |     2 |     8 |     2 ||    19
       Potion            |     2 |     1 |     2 |     1 ||     6
 Stab: Sleeping          |    16 |    16 |    27 |     6 ||    65
       Confused          |       |     1 |     9 |       ||    10
Armor: Robe              |    54 |    18 |       |       ||    72
       Ring mail         |       |    46 |    89 |       ||   135
       Leather armour    |       |       |    29 |     3 ||    32
Dodge: Dodged            |   147 |   107 |   228 |    16 ||   498

Table legend:
 A = Non-vault XP
 B = Vault XP
 C = Vault XP percentage of total XP
 D = Non-vault monster count
 E = Vault monster count
 F = Vault count percentage of total count
                 A         B        C        D         E       F
            +---------+---------+-------+---------+---------+-------
      Total |    3765 |    2572 |  40.6 |     173 |      38 |  18.0
            +---------+---------+-------+---------+---------+-------
        D:1 |      49 |       0 |   0.0 |      28 |       0 |   0.0
        D:2 |      59 |       0 |   0.0 |      11 |       0 |   0.0
        D:3 |      44 |     123 |  73.7 |      20 |      16 |  44.4
        D:4 |     231 |      33 |  12.5 |      14 |       1 |   6.7
        D:5 |     620 |       0 |   0.0 |      14 |       0 |   0.0
        D:6 |     465 |     148 |  24.1 |      21 |       3 |  12.5
        D:7 |     603 |      91 |  13.1 |      17 |       2 |  10.5
        D:8 |    1038 |     994 |  48.9 |      38 |       6 |  13.6
        D:9 |     656 |    1183 |  64.3 |      10 |      10 |  50.0
            +---------+---------+-------+---------+---------+-------
